[Event "Malmo Open 2021"]
[Site "Malmo Radhus, Stortorget 2, Malmo, Sweden"]
[Date "2021.12.17"]
[Round "3.6"]
[White "Johnson, Daniel"]
[Black "Brynell, Stellan"]
[Result "1/2-1/2"]
[WhiteElo "2196"]
[BlackElo "2418"]
[ECO "E39"]
[TimeControl "15 minutes + 5 seconds per move from move one (Round 1 - 4) / 90 minutes + 30 seconds per move from move one (Round 5 - 8)"]
[BlackTitle "GM"]
[WhiteFideId "1721283"]
[BlackFideId "1700219"]

1.d4 Nf6 2.c4 e6 3.Nc3 Bb4 4.Qc2 O-O 5.Nf3 c5 6.dxc5 Na6 7.g3 Nxc5 8.Bg2 
b6 9.O-O Bb7 10.Rd1 Nfe4 11.Be3 Bxc3 12.bxc3 Rc8 13.Ne5 d6 14.Nd3 Qe7 15.
a4 Nf6 16.Nxc5 dxc5 17.Bg5 Bxg2 18.Kxg2 Qb7+ 19.f3 Ng4 20.a5 h6 21.Bf4 e5 
22.Qf5 exf4 23.Qxg4 fxg3 24.Rd7 Rc7 25.Rxc7 Qxc7 26.axb6 axb6 27.hxg3 Qe5 
28.Ra2 Qxc3 29.Qe4 g6 30.g4 Rd8 31.Ra7 Qf6 32.Rb7 Kg7 33.Rc7 Rd4 34.Qe8 
Rd8 35.Rxf7+ Qxf7 36.Qxd8 Qxc4 37.Qc7+ Qf7 38.Qxb6 c4 39.Qd4+ Kh7 40.Qc5 
Qe6 41.e4 Kg7 42.Kf2 Kf7 43.Qc7+ Kg8 44.Ke3 h5 45.gxh5 gxh5 46.Qa5 Qf7 47.
Qe5 Kh7 48.Kd4 h4 49.Qg5 Qxf3 50.Qxh4+ Kg6 51.Kxc4 Qe2+ 52.Kd4 Qd2+ 53.Ke5
Qc3+ 54.Ke6 Qc6+ 55.Ke5 Qc5+ 56.Kf4 Qc1+ 57.Kf3 Qf1+ 58.Ke3 Qc1+ 59.Kf3 
Qf1+ 60.Qf2 Qxf2+ 61.Kxf2 Kf6 62.Kf3 Ke5 63.Ke3 Ke6 64.Kf4 Kf6 65.e5+ Ke6 
66.Ke4 Ke7 67.Kd5 Kd7 68.Kd4 Ke6 69.Ke4 Ke7 70.Kf5 Kf7 71.e6+ Ke7 72.Ke5 
Ke8 73.Kd5 Ke7 74.Ke5 Ke8 75.Kf6 Kf8 76.Kg6 Ke7 77.Kf5 Ke8 78.Kf6 Kf8 79.
e7+ Ke8 80.Ke6 1/2-1/2

[Event "Malmo Open 2021"]
[Site "Malmo Radhus, Stortorget 2, Malmo, Sweden"]
[Date "2021.12.17"]
[Round "3.7"]
[White "Hogeman, Joel"]
[Black "Akesson, Ralf"]
[Result "0-1"]
[WhiteElo "2195"]
[BlackElo "2385"]
[ECO "B85"]
[TimeControl "15 minutes + 5 seconds per move from move one (Round 1 - 4) / 90 minutes + 30 seconds per move from move one (Round 5 - 8)"]
[BlackTitle "GM"]
[WhiteFideId "1724851"]
[BlackFideId "1700120"]

1.e4 c5 2.Nf3 d6 3.d4 cxd4 4.Nxd4 Nf6 5.Nc3 a6 6.Be2 e6 7.O-O Be7 8.f4 O-O
9.Kh1 Qc7 10.a4 Nc6 11.Be3 Re8 12.Qe1 Nxd4 13.Bxd4 e5 14.fxe5 dxe5 15.Be3 
Be6 16.Qg3 Kh8 17.Rf2 Bc5 18.Raf1 Bxe3 19.Qxe3 Nd7 20.Rxf7 Bxf7 21.Rxf7 
Rf8 22.Nd5 Qd6 23.Rxf8+ Rxf8 24.c4 Qc5 0-1

[Event "Malmo Open 2021"]
[Site "Malmo Radhus, Stortorget 2, Malmo, Sweden"]
[Date "2021.12.17"]
[Round "3.8"]
[White "Olsen, Filip Boe"]
[Black "Marttala, Thomas"]
[Result "1-0"]
[WhiteElo "2381"]
[BlackElo "2161"]
[ECO "A47"]
[TimeControl "15 minutes + 5 seconds per move from move one (Round 1 - 4) / 90 minutes + 30 seconds per move from move one (Round 5 - 8)"]
[WhiteTitle "IM"]
[WhiteFideId "1440640"]
[BlackFideId "1701118"]

1.d4 Nf6 2.Nf3 b6 3.Bf4 Bb7 4.e3 e6 5.Bd3 Be7 6.h3 d6 7.O-O Nbd7 8.Nbd2 
O-O 9.Qe2 c5 10.c3 Qc7 11.e4 e5 12.dxe5 Nxe5 13.Nxe5 dxe5 14.Bh2 Rfe8 15.
Rad1 Nd7 16.Bb5 Bc6 17.a4 Rad8 18.Nc4 Bf8 19.f3 f6 20.Ne3 Nb8 21.Nd5 Qb7 
22.Rd2 Kh8 23.Rfd1 a6 24.Bxc6 Nxc6 25.Bg3 b5 26.axb5 axb5 27.Bf2 c4 28.Qe3
b4 29.Qb6 Qxb6 30.Nxb6 Rxd2 31.Rxd2 Na5 32.Rd5 1-0

[Event "Malmo Open 2021"]
[Site "Malmo Radhus, Stortorget 2, Malmo, Sweden"]
[Date "2021.12.17"]
[Round "3.9"]
[White "Olofsson-Dolk, Mattis"]
[Black "Skytte, Rasmus"]
[Result "0-1"]
[WhiteElo "2179"]
[BlackElo "2377"]
[ECO "B01"]
[TimeControl "15 minutes + 5 seconds per move from move one (Round 1 - 4) / 90 minutes + 30 seconds per move from move one (Round 5 - 8)"]
[BlackTitle "IM"]
[WhiteFideId "1715178"]
[BlackFideId "1404210"]

1.e4 d5 2.exd5 Qxd5 3.Nc3 Qa5 4.d4 Nf6 5.Nf3 Bg4 6.h3 Bh5 7.g4 Bg6 8.Ne5 
Nbd7 9.Nxg6 hxg6 10.Bg2 c6 11.O-O e6 12.Bf4 Be7 13.Re1 Nb6 14.Qf3 Nbd5 15.
Bd2 Qb6 16.Na4 Qxd4 17.c4 Qxd2 18.cxd5 cxd5 19.Rec1 Qb4 20.b3 O-O 21.Rc2 
Rac8 22.Rac1 Rxc2 23.Rxc2 Qe1+ 24.Bf1 Bd6 25.Nc5 Qe5 26.Qg2 Bxc5 27.Rxc5 
Ne4 28.Rc2 Rd8 29.Qf3 Qa1 30.Kg2 Qe5 31.Bd3 Nf6 32.Re2 Qd6 33.Rc2 e5 34.
Qe3 e4 0-1

[Event "Malmo Open 2021"]
[Site "Malmo Radhus, Stortorget 2, Malmo, Sweden"]
[Date "2021.12.17"]
[Round "3.10"]
[White "Srinath, Rao S.V."]
[Black "Ask, Josef"]
[Result "0-1"]
[WhiteElo "2356"]
[BlackElo "2145"]
[ECO "C55"]
[TimeControl "15 minutes + 5 seconds per move from move one (Round 1 - 4) / 90 minutes + 30 seconds per move from move one (Round 5 - 8)"]
[WhiteTitle "IM"]
[BlackTitle "FM"]
[WhiteFideId "5028876"]
[BlackFideId "1704583"]

1.e4 e5 2.Nf3 Nc6 3.Bc4 Nf6 4.d3 Be7 5.O-O O-O 6.Re1 d6 7.a4 a6 8.Nc3 Be6 
9.a5 Qd7 10.Be3 Rae8 11.Nd5 Bxd5 12.Bxd5 Nxd5 13.exd5 Nb4 14.c4 Qf5 15.Ra3
c5 16.dxc6 bxc6 17.Rb3 c5 18.Qe2 Bd8 19.Bd2 Bxa5 20.Ra3 Bb6 21.Bxb4 cxb4 
22.Rxa6 Rb8 23.Nd2 Qc8 24.Rea1 Bd4 25.Ne4 Rb6 26.Rxb6 Bxb6 27.Nxd6 Qc5 28.
Nf5 g6 29.Ne3 Qd4 30.Nd5 Bc5 31.Re1 f6 32.Qe3 Qxd5 33.cxd5 Bxe3 34.fxe3 
Rc8 35.Ra1 Kf8 36.h4 Rc2 37.Ra7 Rxb2 38.Rxh7 Rd2 39.Rb7 Rxd3 40.Rxb4 Rxd5 
41.Kf2 Kg7 42.Rb7+ Kh6 43.Kf3 f5 44.Re7 e4+ 45.Kf4 Rd2 46.g4 Rf2+ 47.Kg3 
Rf3+ 48.Kg2 Rxe3 49.h5 fxg4 50.hxg6 Kxg6 51.Re8 Kg5 52.Rg8+ Kf4 53.Rf8+ 
Ke5 54.Re8+ Kd4 55.Rg8 g3 56.Rd8+ Kc3 57.Rd7 Rd3 58.Re7 Kd4 59.Rd7+ Ke3 
60.Re7 Rd4 61.Kxg3 Ke2 62.Ra7 e3 63.Ra6 Rd8 64.Ra2+ Rd2 65.Ra3 Rd3 66.Ra2+
Ke1 67.Ra1+ Rd1 68.Ra2 e2 69.Kf3 Rd3+ 70.Kg2 Rd8 71.Ra1+ Kd2 72.Ra2+ Ke3 
73.Ra3+ Rd3 74.Ra1 Rd1 75.Ra3+ Kd4 76.Ra4+ Kc3 0-1

[Event "Malmo Open 2021"]
[Site "Malmo Radhus, Stortorget 2, Malmo, Sweden"]
[Date "2021.12.17"]
[Round "4.1"]
[White "Kristensen, Kaare Hove"]
[Black "Sivuk, Vitaly"]
[Result "0-1"]
[WhiteElo "2328"]
[BlackElo "2514"]
[ECO "A15"]
[TimeControl "15 minutes + 5 seconds per move from move one (Round 1 - 4) / 90 minutes + 30 seconds per move from move one (Round 5 - 8)"]
[WhiteTitle "IM"]
[BlackTitle "GM"]
[WhiteFideId "1400940"]
[BlackFideId "14116502"]

1.Nf3 Nf6 2.c4 b6 3.d3 c5 4.e4 Nc6 5.Nc3 g6 6.d4 cxd4 7.Nxd4 Bb7 8.Nxc6 
dxc6 9.Be3 Bg7 10.Be2 O-O 11.O-O c5 12.Qc2 e6 13.e5 Nd7 14.f4 f6 15.exf6 
Nxf6 16.Rad1 Qe7 17.Kh1 Rad8 18.Rxd8 Rxd8 19.Rd1 Ne8 20.Rxd8 Qxd8 21.Qd2 
Qe7 22.Qd3 Nd6 23.b3 Nf5 24.Bf2 Bd4 25.Bxd4 cxd4 26.Ne4 Qh4 27.Kg1 Qe1+ 
0-1

[Event "Malmo Open 2021"]
[Site "Malmo Radhus, Stortorget 2, Malmo, Sweden"]
[Date "2021.12.17"]
[Round "4.2"]
[White "Ask, Josef"]
[Black "Hector, Jonny"]
[Result "0-1"]
[WhiteElo "2145"]
[BlackElo "2439"]
[ECO "D02"]
[TimeControl "15 minutes + 5 seconds per move from move one (Round 1 - 4) / 90 minutes + 30 seconds per move from move one (Round 5 - 8)"]
[WhiteTitle "FM"]
[BlackTitle "GM"]
[WhiteFideId "1704583"]
[BlackFideId "1700090"]

1.Nf3 d5 2.g3 Nc6 3.d4 Bf5 4.Bg2 Nb4 5.Na3 e6 6.c3 Nc6 7.O-O Bxa3 8.bxa3 
Be4 9.Bf4 Nge7 10.Qa4 O-O 11.Rfd1 Ng6 12.Be3 Qe8 13.Rac1 f5 14.Qb3 Na5 15.
Qb4 b6 16.Ne1 Nc4 17.Bd2 a5 18.Qb3 a4 19.Qb4 Rc8 20.f3 c5 21.dxc5 bxc5 22.
Qb7 Rf7 0-1

[Event "Malmo Open 2021"]
[Site "Malmo Radhus, Stortorget 2, Malmo, Sweden"]
[Date "2021.12.17"]
[Round "4.3"]
[White "Smith, Axel"]
[Black "Olsson, William"]
[Result "1-0"]
[WhiteElo "2430"]
[BlackElo "2324"]
[ECO "B23"]
[TimeControl "15 minutes + 5 seconds per move from move one (Round 1 - 4) / 90 minutes + 30 seconds per move from move one (Round 5 - 8)"]
[WhiteTitle "GM"]
[BlackTitle "FM"]
[WhiteFideId "1707930"]
[BlackFideId "1741721"]

1.e4 c5 2.Nc3 Nc6 3.Bb5 Nd4 4.Bc4 e6 5.Nge2 g6 6.Nxd4 cxd4 7.Ne2 Bg7 8.c3 
e5 9.Qb3 Qe7 10.cxd4 exd4 11.d3 Nf6 12.O-O O-O 13.h3 d6 14.Bf4 Nd7 15.Bh2 
Nc5 16.Qc2 Kh8 17.Rae1 Be6 18.Nf4 Rac8 19.Nxe6 fxe6 20.Qd2 Qd7 21.a3 Nxe4 
22.Rxe4 d5 23.Bxd5 Qxd5 24.Rfe1 Qb3 25.R1e2 Rc6 26.Be5 Bxe5 27.Rxe5 Kg7 
28.Kh2 Qb6 29.Qg5 Qc7 30.Qg3 Rf6 31.h4 Kf7 32.Kh3 Rc2 33.Qg4 Rxe2 34.Rxe2 
Qf4 35.Qxf4 Rxf4 36.Rc2 Ke8 37.Kg3 Rf7 38.f4 Rd7 39.Kf3 Ke7 40.Ke4 b5 41.
b4 Kf6 42.Rc5 a6 43.g4 Rd6 44.Rc7 Rd5 1-0

[Event "Malmo Open 2021"]
[Site "Malmo Radhus, Stortorget 2, Malmo, Sweden"]
[Date "2021.12.17"]
[Round "4.4"]
[White "Akesson, Ralf"]
[Black "Kistrup, Nicolai"]
[Result "1/2-1/2"]
[WhiteElo "2385"]
[BlackElo "2300"]
[ECO "E05"]
[TimeControl "15 minutes + 5 seconds per move from move one (Round 1 - 4) / 90 minutes + 30 seconds per move from move one (Round 5 - 8)"]
[WhiteTitle "GM"]
[BlackTitle "FM"]
[WhiteFideId "1700120"]
[BlackFideId "1444816"]

1.Nf3 d5 2.d4 Nf6 3.c4 e6 4.g3 Be7 5.Bg2 O-O 6.O-O dxc4 7.Ne5 Nc6 8.Nxc6 
bxc6 9.Na3 Bxa3 10.bxa3 Nd5 11.Qc2 Ba6 12.Rd1 Qe7 13.e4 Nb6 14.a4 Qb4 15.
a5 Qxa5 16.a4 c3 17.Bf4 Nc4 18.Rd3 Rfd8 19.Rxc3 Rxd4 20.Bf1 e5 21.Bc1 Nd6 
22.Bxa6 Qxa6 23.Rxc6 Rd1+ 24.Qxd1 Qxc6 25.f3 Rb8 26.Be3 a6 27.Rc1 Qd7 28.
Qd5 Qxa4 29.Rxc7 Qa3 30.Qc5 Qxc5 31.Bxc5 Nb5 32.Rc6 Ra8 33.Rb6 Nd4 34.Kf2 
a5 35.Ke3 a4 36.Bxd4 exd4+ 37.Kxd4 a3 38.Rb1 a2 39.Ra1 Kf8 40.Kc4 Ra3 41.
f4 Ke7 42.Kb4 Re3 43.Rxa2 Rxe4+ 44.Kc3 Re6 1/2-1/2

[Event "Malmo Open 2021"]
[Site "Malmo Radhus, Stortorget 2, Malmo, Sweden"]
[Date "2021.12.17"]
[Round "4.5"]
[White "Ollen, Martin"]
[Black "Olsen, Filip Boe"]
[Result "0-1"]
[WhiteElo "2127"]
[BlackElo "2381"]
[ECO "B12"]
[TimeControl "15 minutes + 5 seconds per move from move one (Round 1 - 4) / 90 minutes + 30 seconds per move from move one (Round 5 - 8)"]
[BlackTitle "IM"]
[WhiteFideId "1718983"]
[BlackFideId "1440640"]

1.e4 c6 2.d4 d5 3.e5 Bf5 4.Ne2 e6 5.Ng3 Bg6 6.h4 h6 7.h5 Bh7 8.Bd3 Bxd3 9.
Qxd3 c5 10.c3 Nc6 11.O-O Rc8 12.Nd2 cxd4 13.Nf3 dxc3 14.bxc3 Bc5 15.Rb1 
Qc7 16.Re1 Nge7 17.Bf4 O-O 18.Qd2 Kh7 19.Qd3+ Kh8 20.Qd2 Ng8 21.Nh2 Rfd8 
22.Ng4 Bf8 23.Ne2 Na5 24.Qe3 Bc5 25.Qf3 Nc4 26.Nd4 Qe7 27.Ne3 Nd2 28.Qg4 
Nxb1 29.Rxb1 Bxd4 30.cxd4 Rc3 31.g3 Rdc8 32.Ng2 R8c4 33.Be3 Rc2 34.a3 b6 
35.Qf4 R2c3 36.g4 Rxa3 37.g5 hxg5 38.Qh2 Nh6 39.f4 Ng4 0-1

[Event "Malmo Open 2021"]
[Site "Malmo Radhus, Stortorget 2, Malmo, Sweden"]
[Date "2021.12.17"]
[Round "4.6"]
[White "Skytte, Rasmus"]
[Black "Burwick, Malte"]
[Result "1/2-1/2"]
[WhiteElo "2377"]
[BlackElo "2230"]
[ECO "B06"]
[TimeControl "15 minutes + 5 seconds per move from move one (Round 1 - 4) / 90 minutes + 30 seconds per move from move one (Round 5 - 8)"]
[WhiteTitle "IM"]
[WhiteFideId "1404210"]
[BlackFideId "1702475"]

1.e4 g6 2.d4 Bg7 3.Nc3 d6 4.Be3 a6 5.h4 h6 6.Qd2 b5 7.f3 h5 8.O-O-O c6 9.
Bd3 Qa5 10.Kb1 Nd7 11.Nh3 Nb6 12.Ng5 Nc4 13.Bxc4 bxc4 14.Qe2 d5 15.Bf4 Ra7
16.Bd2 1/2-1/2

[Event "Malmo Open 2021"]
[Site "Malmo Radhus, Stortorget 2, Malmo, Sweden"]
[Date "2021.12.17"]
[Round "4.7"]
[White "Lindgren, Philip"]
[Black "Wahlgreen, Noah Krug"]
[Result "1-0"]
[WhiteElo "2354"]
[BlackElo "1983"]
[ECO "E61"]
[TimeControl "15 minutes + 5 seconds per move from move one (Round 1 - 4) / 90 minutes + 30 seconds per move from move one (Round 5 - 8)"]
[WhiteTitle "IM"]
[WhiteFideId "1713230"]
[BlackFideId "1457349"]

1.d4 Nf6 2.c4 g6 3.Nf3 Bg7 4.Nc3 O-O 5.Bg5 d6 6.e3 c5 7.d5 e5 8.Nd2 h6 9.
Bh4 g5 10.Bg3 Ne8 11.e4 f5 12.exf5 Bxf5 13.Nde4 Nf6 14.Bd3 Nxe4 15.Bxe4 
Bxe4 16.Nxe4 Qa5+ 17.Qd2 Qxd2+ 18.Kxd2 Rd8 19.h4 gxh4 20.Bxh4 Rd7 21.Rh3 
Na6 22.Rg3 Kf7 23.Rh1 b5 24.Rf3+ Kg6 25.Bf6 Rf8 26.Rg3+ Kh7 27.Bxg7 Rxg7 
28.Rxg7+ Kxg7 29.b3 bxc4 30.bxc4 Rb8 31.Kc3 Rb6 32.Rh3 Nc7 33.Rg3+ Kf7 34.
Rf3+ Kg7 35.Rf6 Ne8 36.Re6 Kf7 37.Rxh6 Ra6 38.Kb3 Rb6+ 39.Kc2 Rb4 40.Kc3 
Ra4 41.Rh7+ Kg6 42.Re7 Ng7 43.Nxd6 Rxa2 44.Ne4 a5 45.Rxe5 Re2 46.d6 Re1 
47.d7 Rd1 48.Nd2 1-0

[Event "Malmo Open 2021"]
[Site "Malmo Radhus, Stortorget 2, Malmo, Sweden"]
[Date "2021.12.17"]
[Round "4.8"]
[White "Hillarp Persson, Tiger"]
[Black "Johnson, Daniel"]
[Result "1/2-1/2"]
[WhiteElo "2520"]
[BlackElo "2196"]
[ECO "E05"]
[TimeControl "15 minutes + 5 seconds per move from move one (Round 1 - 4) / 90 minutes + 30 seconds per move from move one (Round 5 - 8)"]
[WhiteTitle "GM"]
[WhiteFideId "1700812"]
[BlackFideId "1721283"]

1.Nf3 d5 2.c4 e6 3.g3 Nf6 4.Bg2 Be7 5.O-O O-O 6.d4 dxc4 7.Qc2 a6 8.a4 Bd7 
9.Qxc4 Bc6 10.Bf4 Bd6 11.Qc1 Nbd7 12.Nc3 Qe7 13.Re1 Bxf3 14.Bxf3 Bxf4 15.
Qxf4 c6 16.a5 Rad8 17.Red1 e5 18.Qe3 Rfe8 19.d5 cxd5 20.Nxd5 Nxd5 21.Bxd5 
Nf6 22.Bc4 Rxd1+ 23.Rxd1 Qb4 24.Qb3 Qxb3 25.Bxb3 Kf8 26.Rc1 Re7 27.Ba4 g6 
28.Rc8+ Kg7 29.Kf1 Nd5 30.e4 Rc7 31.Rxc7 Nxc7 32.Bd7 Ne6 33.Bc8 Nd8 34.Ke2
Kf6 35.Kd3 Ke7 36.Kc4 Kd6 37.b4 Kc7 38.Bh3 Kd6 39.f4 f6 40.Bf1 Nc6 41.h4 
h6 42.Bh3 g5 43.fxg5 fxg5 44.hxg5 hxg5 45.Bc8 Kc7 46.Be6 Kd6 47.Bd5 Kc7 
48.Kc5 Nd4 49.Bc4 g4 50.Kd5 Nc6 51.Be2 Nxb4+ 52.Kxe5 Nc6+ 53.Kf6 Nxa5 54.
Bxg4 Nc6 55.Be6 Kd6 56.g4 b5 57.g5 Ne5 58.Bd5 b4 59.Kf5 Nf3 60.g6 Nh4+ 61.
Kf6 Nxg6 62.Kxg6 Ke5 63.Kg5 b3 64.Bxb3 1/2-1/2

[Event "Malmo Open 2021"]
[Site "Malmo Radhus, Stortorget 2, Malmo, Sweden"]
[Date "2021.12.17"]
[Round "4.9"]
[White "Brynell, Stellan"]
[Black "Miskulin, Dennis"]
[Result "1/2-1/2"]
[WhiteElo "2418"]
[BlackElo "2171"]
[ECO "E62"]
[TimeControl "15 minutes + 5 seconds per move from move one (Round 1 - 4) / 90 minutes + 30 seconds per move from move one (Round 5 - 8)"]
[WhiteTitle "GM"]
[WhiteFideId "1700219"]
[BlackFideId "1705520"]

1.d4 Nf6 2.Nf3 d6 3.g3 g6 4.Bg2 Bg7 5.O-O O-O 6.c4 Nc6 7.Nc3 Bd7 8.d5 Na5 
9.Nd2 c5 10.Qc2 a6 11.b3 b5 12.Bb2 Rb8 13.Rab1 bxc4 14.bxc4 Qc7 15.Nd1 Rb4
16.Bc3 Rxb1 17.Qxb1 Nh5 18.Qa1 Rb8 19.e4 Qb6 20.Ne3 Bxc3 21.Qxc3 Qb4 22.
Qd3 Qa4 23.a3 Nf6 24.f4 Rb2 25.e5 Ne8 26.exd6 Nxd6 27.Ne4 Rb3 28.Qe2 Qxa3 
29.Nc2 Qb2 30.Nxc5 Rc3 31.Nxd7 Rxc2 32.Qf3 Qd4+ 33.Kh1 Naxc4 34.Rd1 Rd2 
35.Rb1 Rb2 36.Rd1 Rd2 37.Rb1 Rb2 1/2-1/2

[Event "Malmo Open 2021"]
[Site "Malmo Radhus, Stortorget 2, Malmo, Sweden"]
[Date "2021.12.17"]
[Round "4.10"]
[White "Nylen, Anders"]
[Black "Lindberg, Bengt"]
[Result "1/2-1/2"]
[WhiteElo "2173"]
[BlackElo "2367"]
[ECO "E46"]
[TimeControl "15 minutes + 5 seconds per move from move one (Round 1 - 4) / 90 minutes + 30 seconds per move from move one (Round 5 - 8)"]
[BlackTitle "IM"]
[WhiteFideId "1701207"]
[BlackFideId "1700359"]

1.d4 Nf6 2.c4 e6 3.Nc3 Bb4 4.e3 O-O 5.Ne2 Re8 6.a3 Bf8 7.Nf4 d6 8.Bd3 c6 
9.O-O e5 10.dxe5 dxe5 11.Nfe2 Nbd7 12.Ng3 a5 13.Bc2 g6 14.b3 Qb6 15.Bb2 
Nc5 16.Rb1 Bg4 17.f3 Rad8 18.Qe2 Bc8 19.Ba1 Bg7 20.b4 axb4 21.axb4 Ncd7 
22.c5 Qc7 23.Nge4 Nxe4 24.Nxe4 Nf6 25.Nd6 Re7 26.e4 Ne8 27.Nxc8 Qxc8 28.
Rfd1 Red7 29.Rxd7 Rxd7 30.Rd1 Nc7 31.Rxd7 Qxd7 32.Qd3 Qxd3 33.Bxd3 1/2-1/2

[Event "Malmo Open 2021"]
[Site "Malmo Radhus, Stortorget 2, Malmo, Sweden"]
[Date "2021.12.18"]
[Round "5.1"]
[White "Sivuk, Vitaly"]
[Black "Smith, Axel"]
[Result "1/2-1/2"]
[WhiteElo "2514"]
[BlackElo "2430"]
[ECO "E60"]
[TimeControl "15 minutes + 5 seconds per move from move one (Round 1 - 4) / 90 minutes + 30 seconds per move from move one (Round 5 - 8)"]
[WhiteTitle "GM"]
[BlackTitle "GM"]
[WhiteFideId "14116502"]
[BlackFideId "1707930"]

1.c4 Nf6 2.Nf3 c5 3.b3 g6 4.Bb2 Bg7 5.g3 O-O 6.Bg2 Nc6 7.O-O d6 8.d4 cxd4 
9.Nxd4 Bd7 10.Nc3 Nxd4 11.Qxd4 Bc6 12.Nd5 Ne8 13.Qd2 Bxb2 14.Qxb2 e6 15.
Nc3 Bxg2 16.Kxg2 a6 17.Rfd1 f5 18.Qd2 Qf6 19.Qd4 Rc8 20.Qxf6 Rxf6 21.Rd3 
Rf7 22.a4 Rd7 23.Rad1 Kf7 24.e4 Rcd8 25.f4 Nf6 26.Kf3 Ke7 27.Re1 fxe4+ 28.
Nxe4 Nxe4 29.Rxe4 d5 30.cxd5 Rxd5 31.Rde3 R8d6 32.Rc4 h5 33.Rc7+ Rd7 34.
Rxd7+ Kxd7 35.Ke4 Kd6 36.Rc3 Rd2 37.h3 Re2+ 38.Kd4 e5+ 39.fxe5+ Rxe5 40.h4
Rd5+ 41.Ke4 Re5+ 42.Kd4 Rd5+ 43.Ke4 1/2-1/2

[Event "Malmo Open 2021"]
[Site "Malmo Radhus, Stortorget 2, Malmo, Sweden"]
[Date "2021.12.18"]
[Round "5.2"]
[White "Hector, Jonny"]
[Black "Lindgren, Philip"]
[Result "1-0"]
[WhiteElo "2439"]
[BlackElo "2354"]
[ECO "B10"]
[TimeControl "15 minutes + 5 seconds per move from move one (Round 1 - 4) / 90 minutes + 30 seconds per move from move one (Round 5 - 8)"]
[WhiteTitle "GM"]
[BlackTitle "IM"]
[WhiteFideId "1700090"]
[BlackFideId "1713230"]

1.e4 c6 2.Nc3 d5 3.Nf3 dxe4 4.Nxe4 Nf6 5.Qe2 Nxe4 6.Qxe4 Be6 7.b3 Bd5 8.
Qe3 Bxf3 9.Qxf3 Qd4 10.c3 Qd5 11.Qe3 Nd7 12.Bb2 e6 13.c4 Qa5 14.Be2 Nf6 
15.O-O Be7 16.f4 O-O 17.a3 Rad8 18.b4 Qb6 19.d4 Rfe8 20.Bc3 Qc7 21.g4 b5 
22.g5 Nd7 23.cxb5 Nb6 24.Rac1 Nd5 25.Qg3 Bd6 26.Bd2 Qb6 27.Rc5 cxb5 28.Bd3
Bxc5 29.bxc5 Qc6 30.Qh4 f5 31.gxf6 Nxf6 32.Bc3 Rd5 33.Re1 a6 34.Bb2 Red8 
35.Bb1 Re8 36.Re2 Kh8 37.Ba2 Rh5 38.Qg3 Nd5 39.Bb1 Rf8 40.Qf3 Rh6 41.f5 
exf5 42.Ba2 Nc7 43.Qxc6 Rxc6 44.Re7 Rd8 45.d5 Rg6+ 46.Kf2 Ne8 47.c6 Nd6 
48.Be5 Kg8 49.c7 Rc8 50.Rd7 Nb7 51.d6+ Kh8 52.Bd5 1-0

[Event "Malmo Open 2021"]
[Site "Malmo Radhus, Stortorget 2, Malmo, Sweden"]
[Date "2021.12.18"]
[Round "5.3"]
[White "Olsen, Filip Boe"]
[Black "Akesson, Ralf"]
[Result "0-1"]
[WhiteElo "2381"]
[BlackElo "2385"]
[ECO "A47"]
[TimeControl "15 minutes + 5 seconds per move from move one (Round 1 - 4) / 90 minutes + 30 seconds per move from move one (Round 5 - 8)"]
[WhiteTitle "IM"]
[BlackTitle "GM"]
[WhiteFideId "1440640"]
[BlackFideId "1700120"]

1.d4 Nf6 2.Nf3 e6 3.Bf4 b6 4.e3 Bb7 5.Bd3 Be7 6.h3 O-O 7.Nbd2 c5 8.c3 cxd4
9.exd4 Ba6 10.Qe2 Bxd3 11.Qxd3 Nc6 12.O-O d5 13.Ne5 Qc8 14.Bh2 Nd7 15.f4 
f5 16.Qb5 Ndxe5 17.fxe5 a6 18.Qd3 b5 19.Kh1 Qd7 20.Nf3 g5 21.Qd2 Qd8 22.
Ne1 b4 23.Nd3 bxc3 24.bxc3 Na5 25.Rab1 Nc4 26.Qe2 Ra7 27.Rb3 Na5 28.Rbb1 
Qc8 29.Bg3 Rc7 30.Be1 Nc4 31.Rb3 f4 32.h4 h6 33.Rf3 Qe8 34.Rh3 Qg6 35.Nf2 
Ne3 36.hxg5 Bxg5 37.Nd3 Rg7 38.Nc5 Be7 39.Qf3 Nxg2 40.Bd2 Bxc5 41.dxc5 Nh4
42.Qf1 Qe4+ 0-1

[Event "Malmo Open 2021"]
[Site "Malmo Radhus, Stortorget 2, Malmo, Sweden"]
[Date "2021.12.18"]
[Round "5.4"]
[White "Kistrup, Nicolai"]
[Black "Skytte, Rasmus"]
[Result "1/2-1/2"]
[WhiteElo "2300"]
[BlackElo "2377"]
[ECO "B06"]
[TimeControl "15 minutes + 5 seconds per move from move one (Round 1 - 4) / 90 minutes + 30 seconds per move from move one (Round 5 - 8)"]
[WhiteTitle "FM"]
[BlackTitle "IM"]
[WhiteFideId "1444816"]
[BlackFideId "1404210"]

1.d4 g6 2.e4 Bg7 3.Nc3 d5 4.Nxd5 c6 5.Ne3 Qxd4 6.Qxd4 Bxd4 7.f3 Nd7 8.a4 
Ngf6 9.Nc4 Nb6 10.Ne2 Bc5 11.Ne5 Bd6 12.Nd3 Nc4 13.Nd4 Ne5 14.Nf2 Ned7 15.
Be3 Nc5 16.Bc4 e5 17.Nb3 Nxb3 18.Bxb3 Nd7 19.Nd3 f6 20.O-O-O Ke7 21.Rd2 b6
22.Rhd1 Nf8 23.c3 Ne6 24.Nb4 Bxb4 25.cxb4 Rd8 26.Rxd8 Nxd8 27.a5 Rb8 28.
Kc2 Be6 29.Ra1 Rb7 30.axb6 axb6 31.Ra6 Bxb3+ 32.Kxb3 b5 33.Bc5+ Kd7 34.Ra8
Ke8 35.Kc3 Kd7 36.Kd2 Ne6 37.Rh8 Nxc5 38.bxc5 Ke6 39.Rc8 Kd7 40.Ra8 Rc7 
41.Kc3 Rc8 42.Ra6 f5 43.Ra7+ Ke6 44.Rxh7 fxe4 45.fxe4 Kf6 46.h4 Ke6 47.g3 
b4+ 48.Kxb4 Rd8 49.Rc7 Rd4+ 50.Ka5 Rxe4 51.Rxc6+ Kd5 52.Rxg6 Kxc5 53.b4+ 
Kd5 54.b5 Re1 55.b6 Rb1 56.Ka6 e4 57.Rg8 Kc6 58.Rc8+ Kd7 59.Rc4 e3 60.Re4 
Rb3 61.Ka7 Kc6 62.Re6+ Kd7 63.Re4 Kc6 64.Rc4+ Kd5 65.Rc2 Ra3+ 66.Kb8 Ke4 
67.b7 Kd3 68.Rc1 Kd2 69.Rb1 Kc2 70.Kc8 Rc3+ 71.Kd7 Kxb1 72.b8=Q+ Kc2 73.
Qe5 Kd2 74.Qf4 Kc2 75.Qe4+ Kd2 76.Qf4 Kc2 77.Qf3 Kd2 78.h5 e2 79.Qf2 Rd3+ 
80.Ke7 Kd1 81.g4 e1=Q+ 82.Qxe1+ Kxe1 83.g5 Rh3 84.h6 Kf2 85.Kf7 Kf3 86.g6 
Rxh6 87.g7 Rh7 88.Kf8 Rxg7 89.Kxg7 Ke4 1/2-1/2

[Event "Malmo Open 2021"]
[Site "Malmo Radhus, Stortorget 2, Malmo, Sweden"]
[Date "2021.12.18"]
[Round "5.5"]
[White "Burwick, Malte"]
[Black "Kucuksari, Kaan"]
[Result "0-1"]
[WhiteElo "2230"]
[BlackElo "2337"]
[ECO "A10"]
[TimeControl "15 minutes + 5 seconds per move from move one (Round 1 - 4) / 90 minutes + 30 seconds per move from move one (Round 5 - 8)"]
[BlackTitle "FM"]
[WhiteFideId "1702475"]
[BlackFideId "6380166"]

1.c4 g6 2.Nc3 Bg7 3.g3 f5 4.Bg2 Nf6 5.d3 O-O 6.e4 d6 7.Nge2 e5 8.O-O Na6 
9.Rb1 c6 10.b4 Be6 11.b5 Nc5 12.Qc2 cxb5 13.Nxb5 a6 14.Na3 Rc8 15.Nc3 f4 
16.Bd2 Rc7 17.Na4 Rcf7 18.d4 Nxa4 19.Qxa4 f3 20.Bxf3 Bh3 21.dxe5 Bxf1 22.
e6 Re7 23.Rxf1 Rxe6 24.c5 dxc5 25.Qb3 Qb6 26.Qxb6 Rxb6 27.Nc4 Re6 28.e5 b5
29.exf6 Rexf6 30.Bd5+ Kh8 31.Ne3 Rd6 32.Ba5 Bd4 33.Rd1 Rdf6 34.Ng4 Rf5 35.
Be6 Rf3 36.Bd5 Ra3 37.Bc7 h5 38.Ne3 Rc8 39.Bd6 Rd8 40.Bc7 Rd7 41.Bb6 Rd6 
42.Bc7 Rd7 43.Bb6 Kh7 44.Kg2 Rc3 45.Rd2 Rd6 46.Bc7 Rd7 47.Bb6 Kh6 48.Ba5 
Bxe3 49.fxe3 Rxe3 50.Bb3 Red3 51.Re2 b4 52.Re8 Rd2+ 53.Kh3 Rf2 54.Rh8+ Kg7
55.Rd8 Re7 56.Bc4 Rc2 57.Bb3 Rf2 58.Bc4 Rc2 59.Bb3 Rb2 60.Bc4 Re4 61.Rd7+ 
Kh6 62.Bd3 Rd4 63.Rxd4 cxd4 64.Bc4 g5 65.g4 Rc2 66.Bb3 d3 67.Bxb4 Re2 68.
gxh5 d2 69.Bf8+ Kh7 70.Bc5 Re1 71.Bc2+ Kh6 72.Bf8+ Kxh5 73.Kg3 d1=Q 74.
Bxd1+ Rxd1 75.a3 Rd3+ 76.Kg2 Kg4 77.Bb4 Rb3 78.Bd6 Rb2+ 79.Kf1 Kf3 80.Ke1 
g4 0-1